 Dungeon Crawl Stone Soup version 0.31-a0-940-gdaa99269f9 (webtiles) character file.

Game seed: 17511733073608113058

9 protoss039 the Digger (level 2, 20/20 HPs)
             Began as a Demonspawn Earth Elementalist on Oct 20, 2023.
             Got out of the dungeon alive.
             The game lasted 00:00:27 (328 turns).

protoss039 the Digger (DsEE)                         Turns: 328, Time: 00:00:27

Health: 20/20      AC:  2    Str:  8    XL:     2   Next: 3%
Magic:  5/5        EV: 12    Int: 16    God:
Gold:   55         SH:  0    Dex: 13    Spells: 4/5 levels left

rFire   . . .        b - +0 club
rCold   . . .        (no shield)
rNeg    . . .        a - +0 robe
rPois   .            (no helmet)
rElec   .            (no cloak)
rCorr   .            (no gloves)
SInv    .            (no boots)
Will    .....        (no amulet)
Stlth   ++           (no ring)
HPRegen 0.23/turn    (no ring)
MPRegen 0.09/turn

%: no passive effects
@: no status effects
A: demonic guardian 1
a: no special abilities


You escaped.
You visited 1 branch of the dungeon, and saw 1 of its levels.

You collected 55 gold pieces.

Inventory:

Hand Weapons
 b - a +0 club (weapon)
Armour
 a - a +0 robe (worn)
Scrolls
 c - 2 scrolls of teleportation {unknown}
 d - a scroll of poison {unknown}
 e - a scroll of fear {unknown}


   Skills:
 + Level 0.7 Fighting
 - Level 1.7 Dodging
 - Level 1.7 Stealth
 + Level 2.2 Spellcasting
 - Level 0.8 Transmutations
 + Level 2.9 Earth Magic


You had 4 spell levels left.
You knew the following spells:

 Your Spells              Type           Power      Damage    Failure   Level
a - Sandblast             Erth           22%        2d7       6%          1

Your spell library contained the following spells:

 Spells                   Type           Power      Damage    Failure   Level
 Passwall                 Tmut/Erth      5%         N/A       14%         2
 Stone Arrow              Conj/Erth      12%        3d7       32%         3
 Petrify                  Tmut/Erth      7%         N/A       67%         4
 Brom's Barrelling Bould  Conj/Erth      6%         2d3       73%         4


Dungeon Overview and Level Annotations

Branches:
Dungeon (1/15) Zot: 5665

Altars:


Innate Abilities, Weirdness & Mutations

A weak demonic guardian rushes to your aid.


Message History

A frilled lizard is nearby!
A frilled lizard is nearby!
Found 15 gold pieces.
Casting: Sandblast (safe; 6% risk of failure)
Confirm with . or Enter, or press ? or * to list all spells.
Aiming: Sandblast (safe; 6% risk of failure)
Press: ? - help, Shift-Dir - straight line, f - frilled lizard
Aim: a frilled lizard (70% to hit)
The blast of sand hits the frilled lizard!
You kill the frilled lizard!
Unknown command.
You now have 55 gold pieces (gained 15).
You open the door.
Found 6 stones.
There is an open door here.
You open the door.
There is an open door here.
You open the door.
There is an open door here.
A quokka comes into view.
A quokka is nearby!
A quokka is nearby!
A quokka is nearby!
Casting: Sandblast (safe; 6% risk of failure)
Confirm with . or Enter, or press ? or * to list all spells.
Aiming: Sandblast (safe; 6% risk of failure)
Press: ? - help, Shift-Dir - straight line, f - quokka
Aim: a quokka (asleep, 100% to hit)
The blast of sand hits the quokka!
You kill the quokka!
You have reached level 2!
Your demonic ancestry asserts itself...
You feel the presence of a demonic guardian.
c - 2 scrolls labelled YDAYQI MIHAXEKOO (gained 1)
A rat comes into view.
Found 4 stones.
A rat is nearby!
Unknown command.
There is a staircase leading out of the dungeon here.
You have escaped!

############## ##
#.(##...##...####.
#....##.##.##.##.#
#@.###.#..###...##
#....###..# ####..
#..##.#.#[# ##
#### #..##. ####
#. ##


There were no monsters in sight!

Vanquished Creatures
  A giant cockroach (D:1)
  A goblin (D:1)
  A hobgoblin (D:1)
  2 quokkas (D:1)
  A frilled lizard (D:1)
  2 rats (D:1)
8 creatures vanquished.

Notes
Turn   | Place    | Note
-------+----------+-------------------------------------------
     0 | D:1      | protoss039 the Demonspawn Earth Elementalist began the
                  | quest for the Orb.
     0 | D:1      | Reached XP level 1. HP: 13/13 MP: 3/3
   238 | D:1      | Gained mutation: A weak demonic guardian rushes to your
                  | aid. [demonic ancestry]
   238 | D:1      | Reached XP level 2. HP: 20/20 MP: 3/5
   328 | D:$      | Got out of the dungeon alive.

Illustrated notes

Levels and vault maps discovered:
D:1:      dpeg_arrival_signposts, layout_basic

Action                     || total
---------------------------++-------
  Melee: Club              ||     4
         Unarmed           ||     2
   Cast: Sandblast         ||    11
    Use: Potion            ||     1
 Armour: Robe              ||    11
  Dodge: Dodged            ||    16

Table legend: (Time is in decaauts)
 A = Elapsed time spent in this place.
 B = Non-inter-level travel time spent in this place.
 C = Inter-level travel time spent in this place.
 D = Time resting spent in this place.
 E = Time spent auto-exploring this place.
 F = Levels seen in this place.
 G = Mean time per level.
                   A        B        C        D        E       F      G
               +--------+--------+--------+--------+--------+-----+--------+
         Total |    334 |    284 |     50 |      8 |    213 |   1 |  334.0 |
       Dungeon |    334 |    284 |     50 |      8 |    213 |   1 |  334.0 |
               +--------+--------+--------+--------+--------+-----+--------+

Top non-repeatable levels by time:
     D:1: 334 daAuts
